 Dungeon Crawl Stone Soup version 0.20.0-10-g0535bb4 (webtiles) character file.

455 maniacrov the Digger (level 7, -14/38 HPs)
             Began as a Gargoyle Earth Elementalist on June 4, 2017.
             Demolished by an orc warrior
             ... wielding a +0 great sword
              (16 damage)
             ... on level 5 of the Dungeon on June 5, 2017.
             The game lasted 00:17:22 (2114 turns).

maniacrov the Digger (Gargoyle Earth Elementalist)  Turns: 2114, Time: 00:17:22

Health: -14/38     AC:  7    Str: 12    XL:     7   Next: 5%
Magic:  2/13       EV: 12    Int: 17    God:
Gold:   153        SH:  4    Dex: 10    Spells: 8/14 levels left

rFire    . . .     SeeInvis .   a - +0 long sword
rCold    . . .     Gourm    .   (no shield)
rNeg     + . .     Faith    .   c - +0 robe
rPois    ∞         Spirit   .   s - +0 helmet
rElec    +         Reflect  +   (no cloak)
rCorr    .         Harm     .   (no gloves)
MR       .....                  (no boots)
Stlth    +++.......             i - +4 amulet of reflection
Regen    0.2/turn               t - ring of stealth
MPRegen  0.2/turn               (no ring)

@: no status effects
A: negative energy resistance 1, electricity resistance, unbreathing,
petrification resistance, rot immunity, AC +4
a: no special abilities


You were on level 5 of the Dungeon.
You were not hungry.

You visited 1 branch of the dungeon, and saw 5 of its levels.

You collected 153 gold pieces.

Inventory:

Hand Weapons
 a - a +0 long sword (weapon)
 u - a +0 whip of electrocution
 v - a +4 falchion
Missiles
 b - 80 stones (quivered)
Armour
 c - a +0 robe (worn)
 s - a +0 helmet (worn)
Jewellery
 i - a +4 amulet of reflection (around neck)
 j - an uncursed ring of stealth
 t - a ring of stealth (left hand)
Scrolls
 k - 2 scrolls of fog {unknown}
 m - a scroll of immolation
 q - a scroll of teleportation {unknown}
 r - a scroll of random uselessness {unknown}
Potions
 d - a potion of brilliance {unknown}
 f - a potion of heal wounds
 h - 4 potions of agility
 l - a potion of invisibility {unknown}
 o - 2 potions of lignification {unknown}
 p - a potion of might {unknown}
Books
 e - a book of Geomancy

   Spells                             Type                      Level
   a - Sandblast                      Earth                        1
   b - Passwall                       Transmutation/Earth          2
   c - Stone Arrow                    Conjuration/Earth            3
   d - Petrify                        Transmutation/Earth          4
   e - Lee's Rapid Deconstruction     Earth                        5
Comestibles
 g - 3 meat rations
 n - a bread ration


   Skills:
 + Level 1.5 Fighting
 + Level 0.5 Long Blades
 + Level 2.4 Dodging
 + Level 3.0 Stealth
 + Level 0.4 Unarmed Combat
 + Level 4.1 Spellcasting
 + Level 1.2 Transmutations
 + Level 6.2 Earth Magic


You had 8 spell levels left.
You knew the following spells:

 Your Spells              Type           Power        Failure   Level  Hunger
a - Sandblast             Erth           ###...       1%          1    None
b - Passwall              Tmut/Erth      ###.......   4%          2    ##.....
c - Stone Arrow           Conj/Erth      ##....       13%         3    ###....


Dungeon Overview and Level Annotations

Branches:
Dungeon (5/15)
 Temple: D:4-7

Altars:
Ashenzari
Elyvilon
Zin

Annotations:
D:5 Blork the orc


Innate Abilities, Weirdness & Mutations

You are resistant to torment.
Your stone body is resilient. (AC +4)
You are immune to poison.
You resist negative energy. (rN+)
You are resistant to electric shocks. (rElec)
You can survive without breathing.
You are immune to petrification.
You are immune to rotting.


Message History

The orc warrior hits you with a great sword!
* * * LOW HITPOINT WARNING * * *
You block the gnoll's attack.
Casting: Stone Arrow
Confirm with . or Enter, or press ? or * to list all spells.
Aiming: Stone Arrow
Press: ? - help, Shift-Dir - straight line, f/p - orc warrior
Aim: an orc warrior, wielding a great sword and wearing a plate armour (heavily wounded)
The stone arrow hits the orc warrior.
The orc warrior is heavily wounded.
The gnoll shouts!
You block the orc warrior's attack.
Casting: Stone Arrow
Confirm with . or Enter, or press ? or * to list all spells.
You don't have enough magic to cast that spell.
You barely miss the orc warrior.
The orc warrior is heavily wounded.
The gnoll barely misses you. You block the gnoll's attack.
The orc warrior hits you with a great sword!
You die...

o..... ### ...z. . #..
.... .. #.# ..# #. ###
#.# ..#)#.. #@####.#
.?###..
####ogzg#.###.......
......ZzSzgg...........
...##........#<.##..g##
#.....#####.# .#
#...... ..# +........
... ###$...###.....
#...?# ####.#


You could see an orc warrior, 3 wights, 4 gnolls, a ball python and an adder
skeleton.

Vanquished Creatures
  3 ogres (D:4)
  A howler monkey (D:4)
  A bullfrog skeleton (D:4)
  A worker ant (D:4)
  An iguana (D:4)
  6 adders
  A worm (D:3)
  A dart slug (D:2)
  An orc (D:3)
  6 goblins
  2 hobgoblins
  2 kobolds
  A quokka (D:3)
  A ball python (D:1)
  7 bats
  2 frilled lizards
  3 rats
40 creatures vanquished.

Notes
Turn   | Place    | Note
-------+----------+-------------------------------------------
     0 | D:1      | maniacrov the Gargoyle Earth Elementalist began the quest for the Orb.
     0 | D:1      | Reached XP level 1. HP: 10/10 MP: 3/3
   196 | D:1      | Reached XP level 2. HP: 10/15 MP: 3/5
   683 | D:2      | Found a glowing silver altar of Zin.
   919 | D:3      | Found a shattered altar of Ashenzari.
   958 | D:3      | Reached skill level 4 in Earth Magic
   958 | D:3      | Reached XP level 3. HP: 19/19 MP: 3/6
   991 | D:3      | Learned a level 2 spell: Passwall
  1218 | D:3      | Reached XP level 4. HP: 22/24 MP: 6/8
  1493 | D:3      | Found a white marble altar of Elyvilon.
  1554 | D:4      | Reached skill level 1 in Transmutations
  1575 | D:4      | Noticed an ogre
  1583 | D:4      | Killed an ogre
  1583 | D:4      | Reached skill level 1 in Fighting
  1583 | D:4      | Reached XP level 5. HP: 23/29 MP: 4/10
  1634 | D:4      | Reached skill level 5 in Earth Magic
  1699 | D:4      | Noticed an ogre
  1705 | D:4      | Killed an ogre
  1705 | D:4      | Reached XP level 6. HP: 31/34 MP: 6/11
  1899 | D:4      | Reached skill level 6 in Earth Magic
  1914 | D:4      | Learned a level 3 spell: Stone Arrow
  2016 | D:4      | Reached XP level 7. HP: 38/38 MP: 9/13
  2090 | D:5      | Entered Level 5 of the Dungeon
  2092 | D:5      | Noticed Blork the orc
  2112 | D:5      | HP: 1/38 [orc warrior/great sword (9)]
  2114 | D:5      | Demolished by an orc warrior

Skill      XL: |  1  2  3  4  5  6 |
---------------+-------------------+-----
Earth Magic    | 4 5 6 |  6.2
Dodging        | 2 |  2.4
Spellcasting   | 3 4 |  4.1
Transmutations | 1 |  1.2
Fighting       | 1 |  1.5
Stealth        | 3 |  3.0
Long Blades    | |  0.5
Unarmed Combat | |  0.4

Action                   |  1- 3 |  4- 6 |  7- 9 || total
-------------------------+-------+-------+-------++-------
Melee: Unarmed           |    36 |       |       ||    36
       Long sword        |    14 |    10 |     1 ||    25
 Cast: Sandblast         |    24 |    34 |     8 ||    66
       Passwall          |     1 |     2 |       ||     3
       Stone Arrow       |       |       |     2 ||     2
  Use: Scroll            |     4 |     3 |       ||     7
  Eat: Royal jelly       |     1 |       |       ||     1
       Bread ration      |       |     1 |       ||     1
Armor: Robe              |    33 |     7 |       ||    40
Dodge: Dodged            |    45 |    14 |     7 ||    66
Block: Other             |       |       |     4 ||     4
       Rpst.: Long sword |     7 |     1 |     1 ||     9
